 Dungeon Crawl Stone Soup version 0.30-a0-605-gb2882149bf (webtiles) character file.

Game seed: 4765849960668529810

32256 wormed the Spry (level 13, -24/69 HPs)
             Began as a Felid Summoner on Jan 8, 2023.
             Was an Initiate of Gozag.
             Annihilated by a vampire knight
             ... wielding a +0 battleaxe of electrocution
              (39 damage)
             ... while paralysed by a vampire knight
             ... on level 13 of the Dungeon.
             The game lasted 01:22:46 (27748 turns).

wormed the Spry (Felid Summoner)                   Turns: 27748, Time: 01:22:47

Health: -24/69     AC: 11    Str:  6    XL:     13   Next: 30%
Magic:  27/28      EV:  4    Int: 23    God:    Gozag
Gold:   131        SH:  0    Dex: 18    Spells: 21/32 levels left
                                        Lives:  0   Deaths: 2

rFire   + + .      SeeInvis +    (weapon unavailable)
rCold   + . .      Faith    .    (shield unavailable)
rNeg    . . .      Spirit   .    (body armour unavailable)
rPois   .          Reflect  .    (helmet unavailable)
rElec   +          Harm     +    (cloak unavailable)
rCorr   .          Rampage  .    (gloves unavailable)
Will    +....                    (boots unavailable)
Stlth   ++                       s - amulet "Dantem" {RegenMP Harm rElec rF+ Str+2}
HPRegen 0.31/turn                n - ring of protection from fire
MPRegen 0.61/turn                C - ring of the Tortoise {AC+8}

@: paralysed, quick
A: very small, claws 1, fangs 3, see invisible, speed 1, shaggy fur 3, stealthy
paws, no weapons or thrown items, no armour, multi-lived
a: Renounce Religion, Potion Petition, Call Merchant, Bribe Branch


You were on level 13 of the Dungeon.
You worshipped Gozag.
Gozag was aware of your devotion.
You visited 2 branches of the dungeon, and saw 19 of its levels.

You collected 7865 gold pieces.
You spent 2692 gold pieces at shops.
You paid 5042 gold pieces to Gozag.

Inventory:

Jewellery
 j - a ring of fire
 m - an amulet of magic regeneration
 n - a ring of protection from fire (left paw)
 o - a +4 ring of slaying
 s - the amulet "Dantem" (around neck) {RegenMP Harm rElec rF+ Str+2}
   (You bought it in a shop on level 13 of the Dungeon)

   [amulet of magic regeneration]

   It increases your rate of magic regeneration.
   Str:       It affects your strength (+2).
   rF:        It protects you from fire.
   rElec:     It insulates you from electricity.
   Harm:      It increases damage dealt and taken.
 x - a +6 ring of strength
 B - a ring of magical power
 C - the ring of the Tortoise (right paw) {AC+8}
   (You bought it in a shop on level 10 of the Dungeon)

   [ring of protection]

   AC:        It affects your AC (+8).
Wands
 k - a wand of roots (20)
 q - a wand of polymorph (15) (quivered)
 w - a wand of digging (11)
 y - a wand of light (6)
Scrolls
 e - 2 scrolls of poison
 f - 2 scrolls of fog
 g - a scroll of teleportation
 r - 2 scrolls of fear
 t - 9 scrolls of immolation
 v - 10 scrolls of identify
 z - a scroll of magic mapping
Potions
 a - 3 potions of magic
 b - 4 potions of might
 c - a potion of berserk rage
 d - 2 potions of brilliance
 h - 4 potions of cancellation
 i - 3 potions of mutation
 l - 2 potions of lignification
 p - 3 potions of flight
 u - 2 potions of resistance
 A - 2 potions of attraction


   Skills:
 - Level 15.0 Fighting
 - Level 19.0 Dodging
 - Level 2.6 Stealth
 - Level 10.0 Spellcasting
 - Level 5.0 Hexes
 - Level 10.0 Summonings
 - Level 10.0 Translocations
 + Level 3.4 Transmutations
 + Level 7.6 Air Magic


You had 21 spell levels left.
You knew the following spells:

 Your Spells              Type           Power      Damage    Failure   Level
a - Summon Small Mammal   Summ           100%       N/A       1%          1
b - Call Canine Familiar  Summ           55%        N/A       1%          3
c - Summon Guardian Gole  Hex/Summ       46%        N/A       1%          3
d - Summon Lightning Spi  Summ/Air       51%        N/A       1%          4

Your spell library contained the following spells:

 Spells                   Type           Power      Damage    Failure   Level
 Apportation              Tloc           100%       N/A       1%          1
 Beastly Appendage        Tmut           54%        N/A       1%          1
 Shock                    Conj/Air       100%       1d9       1%          1
 Call Imp                 Summ           55%        N/A       1%          2
 Poisonous Vapours        Pois/Air       58%        N/A       1%          2
 Wereblood                Tmut           27%        N/A       1%          2
 Swiftness                Air            46%        N/A       1%          3
 Vhi's Electric Charge    Tloc/Air       100%       N/A       1%          3
 Sting                    Tmut/Pois      76%        1d6       2%          1
 Airstrike                Air            23%        2d(4-20)  2%          4
 Summon Forest            Summ/Tloc      27%        N/A       2%          5
 Passwall                 Tmut/Erth      15%        N/A       4%          2
 Necrotise                Necr           44%        1d6       5%          1
 Sandblast                Erth           22%        2d7       5%          1
 Spider Form              Tmut/Pois      19%        N/A       9%          3
 Ozocubu's Armour         Ice            11%        N/A       17%         3
 Stone Arrow              Conj/Erth      22%        3d8       17%         3
 Vampiric Draining        Necr           11%        2d6       17%         3
 Arcjolt                  Conj/Air       14%        1d24      32%         5
 Olgreb's Toxic Radiance  Pois           11%        N/A       50%         4
 Summon Hydra             Summ           27%        N/A       61%         7
 Agony                    Necr           11%        N/A       83%         5
 Eringya's Noxious Bog    Tmut/Pois      9%         N/A       99%         6
 Ozocubu's Refrigeration  Ice            5%         4d8       100%        7
 Maxwell's Capacitive Co  Air            23%        ∞         100%        8


Dungeon Overview and Level Annotations

Branches:
Dungeon (14/15)            Temple (0/1) D:7            Lair (5/5) D:10
 Shoals (0/4) Lair:2        Snake (0/4) Lair:3        Slime (0/5) Lair:4
    Orc (0/2) D:10         Vaults (0/5) D:13

Altars:
Dithmenos
Elyvilon
Fedhas
Gozag
Makhleb
Ru
Sif Muna
Trog
Vehumet
Xom
Zin
Jiyva

Shops:
D:3 !   D:7 :   D:8 =(:   D:10 ?=   D:13 =   D:14 ?   Lair:5 =

Annotations:
D:12 3 runed translucent doors, jasper's ghost, journeyman DsCA
D:13 2 transporters, Lassup's ghost, journeyman DjNe


Innate Abilities, Weirdness & Mutations

You have sharp claws.
You have razor-sharp teeth.
You have supernaturally acute eyesight. (SInv)
You cover ground quickly. (Speed+)
Your thick and shaggy fur keeps you warm. (AC +3, rC+)
Your paws help you pounce on unaware monsters.
You are incapable of wielding weapons or throwing items.
You cannot wear armour.
You gain extra lives every three experience levels.


Message History

The vampire knight bites your guardian golem.
The vampire knight completely misses you.
The vampire knight hits something with a +0 battleaxe of electrocution!!
The vampire knight bites you.
The vampire knight draws strength from your injuries!
There is an open door here.
Casting: Summon Guardian Golem (safe; 1% risk of failure)
Confirm with . or Enter, or press ? or * to list all spells.
The vampire knight hits you with a +0 battleaxe of electrocution!!
The vampire knight hits your wolf with a +0 battleaxe of electrocution!
The vampire knight completely misses you.
The vampire knight casts a spell at you.
You resist with almost no effort.
The vampire knight attacks as you move away!
The vampire knight completely misses you.
The vampire knight misses your wolf.
The vampire knight hits your guardian golem with a +0 battleaxe of electrocution!!
The vampire knight misses you.
The vampire knight casts a spell at you.
You suddenly lose the ability to move!
Your wolf barely misses the vampire knight.
Your wolf bites the vampire knight but does no damage.
The vampire knight hits you with a +0 battleaxe of electrocution!
The vampire knight hits your guardian golem but does no damage.
The vampire knight hits your wolf with a +0 battleaxe of electrocution!
Your guardian golem is destroyed!
Your guardian golem disappears in a puff of smoke!
The vampire knight bites you.
* * * LOW HITPOINT WARNING * * *
The vampire knight draws strength from your injuries!
Your wolf bites the vampire knight.
The vampire knight hits you but does no damage.
The vampire knight misses your wolf. The vampire knight bites you.
* * * LOW HITPOINT WARNING * * *
The vampire knight draws strength from your injuries!
Your wolf bites the vampire knight but does no damage.
The vampire knight hits you with a +0 battleaxe of electrocution!!
Ouch! That really hurt!
You die...
Your body crumbles into a pile of gold.

#....# #....#
########....########
.........#.........# ##########
.........#..#......# #........#
.........#9.#......# #........#
.........#.##..§h..# #......<.#
.........#.#####V### #........#
...........#....@..# #........#
#######....'......## #........#
....JC##...#.......# ######'###
....cW8#..######'#.# #..[.#
.....TY#...8.......# #....#
......J#...........########...#
..©....#©..........#.....##...#
.......#...........#......#...#
.......#...........#......'...#


You could see a vampire knight (fast, invisible, ally target) and a friendly
wolf (summoned).

Vanquished Creatures
  2 necrophages
  A gnoll sergeant (D:13)
  A bullfrog (Lair:3)
  3 electric eels (D:7)
  2 orc wizards (D:10)
  A gnoll (D:2)
  An adder (D:2)
  A hobgoblin (D:3)
  A jackal (D:1)
13 creatures vanquished.

Vanquished Creatures (collateral kills)
  Rupert (Lair:3)
  A dire elephant (Lair:5)
  An ettin (D:13)
  A yaktaur captain (D:13)
  2 centaur warriors (D:13)
  2 boulder beetles
  A catoblepas (Lair:5)
  3 vault guards (D:13)
  3 two-headed ogres
  3 death yaks (Lair:5)
  A glowing orange brain (shapeshifter) (D:13)
  A swamp dragon (Lair:5)
  2 lindwurms (Lair:5)
  An orc knight (D:13)
  A deep elf pyromancer (D:13)
  3 ugly things
  7 cyclopes
  3 manticores
  A merfolk siren (Lair:2)
  Joseph (D:7)
  20 elephants
  8 black mambas
  A yaktaur (D:13)
  8 cane toads
  3 unseen horrors
  5 komodo dragons
  An efreet (D:13)
  5 rime drakes
  2 tengu conjurers (D:13)
  A polar bear (Lair:5)
  2 trolls
  3 hornets
  7 dream sheep
  14 blink frogs
  3 water elementals (D:14)
  3 slime creatures (D:14)
  The ghost of snackwell the Vexing, an amateur SpEn of Elyvilon (D:5)
  21 yaks
  3 wyverns
  3 basilisks
  A fire bat (shapeshifter) (D:13)
  3 vampire mosquitoes (D:13)
  2 steam dragons (Lair:5)
  2 acid dragons
  7 water moccasins
  A swamp drake (Lair:5)
  A black bear (D:5)
  2 orc warriors
  2 sky beasts
  An ogre (D:7)
  A centaur (D:7)
  4 wolves
  A phantom (D:6)
  A kobold brigand (D:6)
  7 bullfrogs
  A necrophage (D:6)
  4 scorpions
  2 wights (D:8)
  2 killer bees (D:9)
  2 howler monkeys
  An electric eel (Lair:4)
  A crimson imp (D:7)
  A hound (D:7)
  A jelly (D:8)
  7 orc priests
  A gnoll bouda (D:7)
  6 iguanas
  9 orc wizards
  A hell rat (D:10)
  14 gnolls
  4 river rats
  11 adders
  2 ufetubi (D:5)
  4 dart slugs
  2 worms
  35 orcs
  6 ball pythons
  10 endoplasms
  5 giant cockroaches
  4 goblins
  2 hobgoblins
  14 jackals
  2 nameless horrors
  6 quokkas
  4 bats
  A frilled lizard (D:1)
  11 kobolds
  9 rats
374 creatures vanquished.

Vanquished Creatures (others)
  A fire giant (D:13)
  A dire elephant (Lair:5)
  Snorg (Lair:4)
  2 hydras
  An entropy weaver (shapeshifter) (D:14)
  2 centaur warriors
  A vault guard (D:13)
  A catoblepas (Lair:3)
  An ogre mage (D:13)
  2 two-headed ogres
  A tengu warrior (D:13)
  4 skeletal warriors
  4 slime creatures
  Pikel (D:7)
  3 deep elf pyromancers
  A harpy (shapeshifter) (D:13)
  A manticore (D:14)
  A cyclops (D:14)
  3 ugly things (D:13)
  8 elephants
  2 black mambas
  2 gargoyles
  A kobold demonologist (D:9)
  3 cane toads
  2 rime drakes (Lair:5)
  3 komodo dragons
  A merfolk (shapeshifter) (D:13)
  2 trolls
  Prince Ribbit (D:7)
  6 blink frogs
  A centaur simulacrum (D:13)
  4 water elementals (D:14)
  3 basilisks
  11 yaks
  4 vampire mosquitoes (D:13)
  A steam dragon (D:7)
  3 acid dragons
  A water moccasin (D:5)
  Duvessa (D:7)
  2 orc warriors (D:9)
  A black bear (D:5)
  3 ogres
  8 wolves
  3 centaurs
  A kobold brigand (D:7)
  7 wights (D:8)
  Dowan (D:7)
  6 killer bees
  An electric eel (D:7)
  2 iguanas
  2 orc wizards (D:7)
  A hell rat (D:10)
  A gnoll (D:7)
  5 orcs
  A quokka (D:4)
  A kobold (D:7)
  18 fungi
  107 plants
263 creatures vanquished.

Grand Total: 650 creatures vanquished

Notes
Turn   | Place    | Note
-------+----------+-------------------------------------------
     0 | D:1      | wormed the Felid Summoner began the quest for the Orb.
     0 | D:1      | Reached XP level 1. HP: 7/7 MP: 4/4
   382 | D:1      | Reached XP level 2. HP: 11/11 MP: 1/6
  1260 | D:2      | Reached XP level 3. HP: 12/14 MP: 5/8
  1330 | D:2      | Learned a level 3 spell: Call Canine Familiar
  1334 | D:2      | Learned a level 3 spell: Summon Guardian Golem
  1570 | D:2      | Reached XP level 4. HP: 11/18 MP: 2/9
  1978 | D:2      | Reached skill level 1 in Hexes
  2096 | D:2      | Reached skill level 3 in Dodging
  2108 | D:2      | Reached skill level 5 in Summonings
  3128 | D:3      | Reached skill level 1 in Fighting
  3128 | D:3      | Reached XP level 5. HP: 22/22 MP: 7/11
  3452 | D:3      | Found Qamitweam's Distillery.
  3645 | D:3      | Found an opulent altar of Gozag.
  3791 | D:3      | Became a worshipper of Gozag Ym Sagoz the Greedy
  3989 | D:4      | Noticed an ogre
  4000 | D:4      | Killed an ogre
  4001 | D:4      | Gained mutation: You are covered in thick fur. (AC +2)
                  | [Felid growth]
  4001 | D:4      | Reached XP level 6. HP: 26/26 MP: 9/12
  4224 | D:4      | Reached skill level 4 in Dodging
  4284 | D:4      | Found a glowing silver altar of Zin.
  4541 | D:4      | Reached XP level 7. HP: 29/30 MP: 13/13
  4828 | D:4      | Reached skill level 5 in Hexes
  4974 | D:4      | Reached skill level 1 in Air Magic
  5255 | D:5      | Entered Level 5 of the Dungeon
  5542 | D:5      | Reached skill level 5 in Dodging
  5567 | D:5      | Found a runed translucent door.
  5635 | D:5      | Reached XP level 8. HP: 34/34 MP: 10/15
  5701 | D:5      | Noticed snackwell's ghost (amateur SpEn)
  6563 | D:5      | Killed snackwell's ghost
  6715 | D:6      | Reached skill level 6 in Dodging
  6808 | D:6      | Reached skill level 5 in Spellcasting
  7632 | D:7      | Noticed Joseph
  7760 | D:7      | Learned a level 4 spell: Summon Lightning Spire
  7799 | D:7      | Noticed Pikel
  7864 | D:7      | Killed Pikel
  7865 | D:7      | Reached skill level 7 in Dodging
  7865 | D:7      | Reached XP level 9. HP: 40/40 MP: 16/18
  7901 | D:7      | Noticed Duvessa
  7901 | D:7      | Noticed Dowan
  7942 | D:7      | Killed Dowan
  7942 | D:7      | Killed Duvessa
  8094 | D:7      | Reached skill level 5 in Fighting
  8730 | D:7      | Found a burning altar of Makhleb.
  8730 | D:7      | Found a shimmering altar of Xom.
  8832 | D:7      | Reached skill level 8 in Dodging
  8902 | D:7      | Killed Joseph
  8922 | D:7      | Reached XP level 10. HP: 45/45 MP: 16/20
  8981 | D:7      | Found a staircase to the Ecumenical Temple.
  9115 | D:7      | Noticed Prince Ribbit
  9132 | D:7      | Killed Prince Ribbit
  9227 | D:7      | Reached skill level 5 in Air Magic
 10309 | D:8      | Found Beoxosm's Jewellery Shoppe.
 10357 | D:8      | Found Toihon's Book Shop.
 10476 | D:8      | Found Ciesiuss's Weapon Shop.
 10855 | D:9      | Reached skill level 9 in Dodging
 11006 | D:9      | Found a blossoming altar of Fedhas.
 11450 | D:9      | Found a white marble altar of Elyvilon.
 11601 | D:9      | Noticed a manticore
 11614 | D:9      | Killed a manticore
 11817 | D:9      | Found a sacrificial altar of Ru.
 11823 | D:9      | Found a shadowy altar of Dithmenos.
 11991 | D:10     | Entered Level 10 of the Dungeon
 11991 | D:10     | Noticed a death yak
 11991 | D:10     | Found a staircase to the Lair.
 12120 | D:10     | Noticed a death yak
 12123 | D:10     | Noticed a death yak
 12512 | D:10     | Found a staircase to the Orcish Mines.
 12630 | D:10     | Found a shimmering blue altar of Sif Muna.
 12884 | D:10     | Noticed a cyan ugly thing
 12912 | D:10     | Killed a cyan ugly thing
 12991 | D:10     | Reached XP level 11. HP: 50/50 MP: 15/23
 13124 | D:10     | Identified a scroll of acquirement
 13124 | D:10     | Acquired 780 gold pieces
 13195 | D:11     | Reached skill level 10 in Dodging
 13535 | D:11     | Noticed a two-headed ogre
 13542 | D:11     | Killed a two-headed ogre
 13666 | D:11     | Noticed a two-headed ogre
 13691 | D:11     | Killed a two-headed ogre
 13871 | D:11     | Noticed a two-headed ogre
 13879 | D:11     | Killed a two-headed ogre
 14108 | D:11     | Noticed a skeletal warrior
 14112 | D:11     | Noticed a skeletal warrior
 14118 | D:11     | Noticed a skeletal warrior
 14136 | D:11     | Killed a skeletal warrior
 14142 | D:11     | Killed a skeletal warrior
 14143 | D:11     | Killed a skeletal warrior
 14286 | D:11     | Found a bloodstained altar of Trog.
 14422 | Lair:1   | Entered Level 1 of the Lair of Beasts
 14452 | Lair:1   | Reached skill level 11 in Dodging
 14640 | Lair:1   | Found a radiant altar of Vehumet.
 14752 | Lair:1   | Reached skill level 10 in Summonings
 15000 | Lair:1   | Gained mutation: Your thick and shaggy fur keeps you warm.
                  | (AC +3, rC+) [Felid growth]
 15000 | Lair:1   | Reached XP level 12. HP: 33/56 MP: 23/25
 15755 | Lair:2   | Reached skill level 12 in Dodging
 16542 | Lair:2   | Found a staircase to the Shoals.
 16744 | Lair:3   | Found a staircase to the Snake Pit.
 16938 | Lair:3   | Noticed Rupert
 16948 | Lair:3   | Reached skill level 13 in Dodging
 16962 | Lair:3   | Killed Rupert
 16963 | Lair:3   | Reached skill level 10 in Fighting
 17009 | Lair:3   | Reached skill level 10 in Spellcasting
 17229 | Lair:3   | Noticed a seven-headed hydra
 17239 | Lair:3   | Killed a seven-headed hydra
 17507 | Lair:3   | Reached skill level 14 in Dodging
 17579 | Lair:3   | Noticed a catoblepas
 17648 | Lair:3   | Killed a catoblepas
 17649 | Lair:3   | Reached XP level 13. HP: 57/63 MP: 23/28
 18309 | Lair:4   | Noticed Snorg
 18322 | Lair:4   | Killed Snorg
 18419 | Lair:4   | Found a staircase to the Slime Pits.
 18420 | Lair:4   | Found a viscous altar of Jiyva.
 18924 | D:10     | Bought the ring of the Tortoise {AC+8} for 1920 gold pieces
 18924 | D:10     | Found the ring of the Tortoise {AC+8}
 19020 | Lair:5   | Entered Level 5 of the Lair of Beasts
 19198 | Lair:5   | Reached skill level 15 in Dodging
 19573 | Lair:5   | Noticed a dire elephant
 19956 | Lair:5   | Reached skill level 16 in Dodging
 20658 | Lair:5   | Reached skill level 17 in Dodging
 20776 | Lair:5   | Reached XP level 14. HP: 70/70 MP: 19/29
 21118 | Lair:5   | Identified the +0 robe of Jismom {Str+3}
 22498 | Lair:5   | Reached skill level 18 in Dodging
 23088 | D:12     | Found a runed translucent gate.
 23088 | D:12     | Found a runed translucent gate.
 23089 | D:12     | Found a runed translucent gate.
 23425 | D:12     | You fall into a shaft and drop 1 floor!
 23746 | D:12     | Noticed jasper's ghost (journeyman DsCA)
 23905 | D:13     | Reached skill level 1 in Translocations
 24216 | D:14     | Acquired 994 gold pieces
 24494 | D:14     | Reached skill level 5 in Translocations
 25295 | D:13     | Reached skill level 19 in Dodging
 25583 | D:13     | Noticed a fire giant
 25585 | D:13     | Reached skill level 15 in Fighting
 25585 | D:13     | Reached XP level 15. HP: 77/77 MP: 22/30
 25602 | D:13     | Identified the +8 dire flail of the Growing Puffin {drain,
                  | Will+ Str+2 Int+2}
 26029 | D:13     | Found a gate to the Vaults.
 26057 | D:13     | Reached skill level 10 in Translocations
 26086 | D:13     | Reached skill level 1 in Transmutations
 26230 | D:13     | Found a transporter.
 26233 | D:13     | Noticed Lassup's ghost (journeyman DjNe)
 26263 | D:13     | Killed a fire giant
 26413 | D:13     | Found a transporter.
 26436 | D:13     | Paralysed by a vampire knight for 3 turns
 26475 | D:13     | Mangled by a vampire knight
 26476 | D:13     | Reached XP level 14. HP: -6/73 MP: 19/29
 27016 | D:13     | Noticed a storm dragon
 27436 | D:13     | an ice dragon changed into a quicksilver ooze
 27436 | D:13     | Noticed a quicksilver ooze (shapeshifter)
 27460 | D:13     | HP: 3/73 [vampire knight/+0 battleaxe of electrocution (3)]
 27463 | D:13     | Paralysed by a vampire knight for 4 turns
 27465 | D:13     | Annihilated by a vampire knight
 27466 | D:13     | Reached XP level 13. HP: -23/69 MP: 28/28
 27555 | D:13     | Bought the amulet "Dantem" {RegenMP Harm rElec rF+ Str+2}
                  | for 772 gold pieces
 27701 | D:13     | Noticed a broodmother
 27706 | D:13     | a broodmother changed into a boulder beetle
 27745 | D:13     | Paralysed by a vampire knight for 4 turns
 27748 | D:13     | Annihilated by a vampire knight

Illustrated notes

Levels and vault maps discovered:
D:1:      eino_arrival_water_cross, layout_loops_corners
D:2:      layout_rooms
D:3:      layout_rooms, mainiacjoe_overflow_alcove_2, serial_shops,
          nicolae_shop_waterfront
D:4:      layout_loops_corners, zin_academy, portal_sewer_entry_b
D:5:      layout_loops_corners, ebering_ghost_sewer_d
D:6:      layout_basic, serial_glass, glass_columns_a, glass_columns_a,
          glass_columns_a, glass_columns_c, glass_columns_c, roderic_lattice_a,
          chequers_serial_rivers_micro_d, minivault_11
D:7:      layout_loops_ring, grunt_temple_overflow_champion_of_chaos,
          temple_hall, serial_bayou, serial_bayou_shore_b, serial_bayou_pond_c,
          serial_bayou_lake_a, serial_bayou_crossing, serial_bayou_pond_d,
          uniq_joseph, uniq_pikel, uniq_duvessa, uniq_prince_ribbit1
D:8:      layout_loops_ring, serial_shops, nicolae_stop_n_shop_2, shop,
          nicolae_shop_bloodbath_and_beyond
D:9:      layout_loops_corners, elyvilon_altar_3, fedhas_altar_1,
          mainiacjoe_overflow_catwalk_spiral
D:10:     layout_gridville, led_sif_book, dpeg_lair_monsters,
          minmay_orc_entry_temple_small
D:11:     layout_cave_pods, bloody_trog
D:12:     layout_roguey, gammafunk_ghost_necromancy
D:13:     minmay_tile_spiral, layout_gridville,
          lightli_vaults_fourway_checkpoint, portal_ice_cave_entry_pillars_2,
          gammafunk_ghost_arena
D:14:     layout_basic, skrybe_limestone_x
Lair:1:   layout_loops_ring, basic_altar, grunt_megastairs_3
Lair:2:   layout_cave_shapes, minmay_shoals_entry_lonely_mermaid
Lair:3:   layout_roguey, guppyfry_snake_entry_island, lemuel_fruit_fields,
          uniq_rupert
Lair:4:   layout_concentric_octagons, slime_entry_1, serial_bayou_shore_a,
          infiniplex_staircase_pool, uniq_snorg
Lair:5:   guppyfry_lair_end_dragon, layout_hall_layers,
          hangedman_lair_in_review, serial_bayou_shore_b, lemuel_fruit_tree

Skill      XL: |  1  2  3  4  5  6  7  8  9 10 11 12 13 14 15 |
---------------+----------------------------------------------+-----
Spellcasting   | 3 4 5 6 7 8 10 | 10.0
Hexes          | 2 3 4 5 |  5.0
Dodging        | 3 4 5 7 8 9 11 14 17 19 | 19.0
Summonings     | 5 6 7 8 10 | 10.0
Fighting       | 1 2 3 4 5 7 8 10 13 15 | 15.0
Air Magic      | 2 3 4 6 7 |  7.6
Translocations | 8 10 | 10.0
Transmutations | 3 2 |  3.4
Stealth        | |  2.6

Action                   |  1- 3 |  4- 6 |  7- 9 | 10-12 | 13-15 || total
-------------------------+-------+-------+-------+-------+-------++-------
Melee: Unarmed           |     8 |    13 |    19 |    21 |    22 ||    83
       Bite              |     1 |       |     2 |     5 |     3 ||    11
       Punch             |       |       |       |       |     1 ||     1
 Cast: Summon Small Mamm |    55 |    36 |    32 |    54 |    31 ||   208
       Call Canine Famil |     4 |    26 |    49 |    82 |   143 ||   304
       Summon Guardian G |       |     4 |    41 |    81 |   174 ||   300
       Summon Lightning  |       |       |     4 |    65 |   142 ||   211
Invok: Call Merchant     |       |       |       |     3 |     3 ||     6
Evoke: Wand              |       |       |       |    15 |       ||    15
  Use: Potion            |     1 |       |     1 |     2 |    10 ||    14
       Scroll            |       |    10 |     5 |     8 |    11 ||    34
 Stab: Sleeping          |       |     1 |       |       |       ||     1
       Distracted        |       |       |       |     2 |       ||     2
Armor: Skin              |     2 |     3 |     2 |     1 |    44 ||    52
Dodge: Dodged            |    42 |    25 |    63 |   102 |   414 ||   646

Table legend: (Time is in decaauts)
 A = Elapsed time spent in this place.
 B = Non-inter-level travel time spent in this place.
 C = Inter-level travel time spent in this place.
 D = Time resting spent in this place.
 E = Time spent auto-exploring this place.
 F = Levels seen in this place.
 G = Mean time per level.
                   A        B        C        D        E       F      G
               +--------+--------+--------+--------+--------+-----+--------+
         Total |  24461 |  23157 |   1304 |    545 |  15972 |  19 | 1287.4 |
       Dungeon |  17151 |  16318 |    833 |    545 |  11034 |  14 | 1225.1 |
          Lair |   7310 |   6839 |    471 |      0 |   4938 |   5 | 1462.0 |
               +--------+--------+--------+--------+--------+-----+--------+

Top non-repeatable levels by time:
  Lair:5: 2921 daAuts
    D:13: 2226 daAuts
     D:7: 1934 daAuts
     D:2: 1585 daAuts
    D:14: 1261 daAuts
  Lair:4: 1206 daAuts
     D:9: 1183 daAuts
     D:5: 1178 daAuts
  Lair:1: 1164 daAuts
     D:4: 1144 daAuts
     D:1: 1134 daAuts
  Lair:3: 1070 daAuts
    D:10: 999 daAuts
    D:11: 969 daAuts
  Lair:2: 947 daAuts
